 Dungeon Crawl Stone Soup version 0.30-b1-2-g02819fbbbe (webtiles) character file.

Game seed: 1934543168968233797

9017 nightchill the Grappler (level 11, -1/113 HPs)
             Began as a Troll Fighter on Sept 16, 2023.
             Was a Believer of Qazlal.
             Killed from afar by a steam dragon (4 damage)
             ... with a ball of steam
             ... on level 10 of the Dungeon.
             The game lasted 00:16:35 (7957 turns).

nightchill the Grappler (Troll Fighter)             Turns: 7957, Time: 00:16:35

Health: -1/113     AC:  6    Str: 30    XL:     11   Next: 17%
Magic:  13/13      EV:  9    Int:  4    God:    Qazlal [**....]
Gold:   487        SH: 10    Dex:  9    Spells: 10/10 levels left

rFire   + .          .
                       - Unarmed
rCold   + . .        b - +0 kite shield
rNeg    . . .        Q - +2 robe {rC+}
rPois   .            (helmet restricted)
rElec   .            (no cloak)
rCorr   .            (gloves unavailable)
SInv    .            (boots unavailable)
Will    .....        h - amulet of faith
Stlth   +            y - ring of protection from fire
HPRegen 1.18/turn    (no ring)
MPRegen 0.13/turn

%: faith
@: no status effects
A: large, unfitting armour, claws 3, regeneration 1, shaggy fur 1, tough skin 1,
inability to drink after injury 1
a: Renounce Religion, Upheaval


You were on level 10 of the Dungeon.
You worshipped Qazlal.
Qazlal was pleased with you.
You visited 2 branches of the dungeon, and saw 11 of its levels.
You also visited: Sewer.

You collected 487 gold pieces.

Inventory:

Hand Weapons
 G - a +0 morningstar
Missiles
 z - a throwing net (quivered)
Armour
 a - a +0 robe
 b - a +0 kite shield (worn)
 I - +0 steam dragon scales
 Q - a +2 robe of cold resistance (worn)
Jewellery
 h - an amulet of faith (around neck)
 y - a ring of protection from fire (left claw)
 E - an amulet of regeneration
 H - a ring of fire
 N - an amulet of magic regeneration
 P - a ring of ice
Wands
 q - a wand of digging (5)
 J - a wand of flame (17)
 M - a wand of polymorph (4)
 O - a wand of roots (4)
Scrolls
 d - a scroll of enchant armour {unknown}
 e - 7 scrolls of identify {unknown}
 g - 3 scrolls of teleportation {unknown}
 j - 4 scrolls of vulnerability {unknown}
 k - a scroll of poison {unknown}
 v - 2 scrolls of fear {unknown}
 x - a scroll of fog {unknown}
 A - a scroll of blinking {unknown}
 B - 2 scrolls of magic mapping {unknown}
 C - 3 scrolls of amnesia {unknown}
 D - 2 scrolls of brand weapon {unknown}
 K - 2 scrolls of immolation {unknown}
 L - a scroll of enchant weapon {unknown}
Potions
 c - 3 potions of might
 f - a potion of heal wounds
 i - 6 potions of attraction {unknown}
 l - a potion of flight {unknown}
 m - 5 potions of curing
 n - a potion of invisibility {unknown}
 o - a potion of brilliance {unknown}
 p - 4 potions of degeneration {unknown}
 r - 4 potions of haste {unknown}
 s - a potion of cancellation {unknown}
 t - 2 potions of magic {unknown}
 u - 3 potions of mutation {unknown}
 w - 2 potions of lignification {unknown}
 F - 3 potions of resistance


   Skills:
 + Level 8.5 Fighting
 - Level 2.4 Dodging
 - Level 2.6 Shields
 * Level 13.6 Unarmed Combat
 + Level 4.9 Invocations


You had 10 spell levels left.
You didn't know any spells.
Your spell library contained the following spells:

 Spells                   Type           Power      Damage    Failure   Level
 Necrotise                Necr           0%         1d4       73%         1
 Blink                    Tloc           0%         N/A       86%         2
 Lesser Beckoning         Tloc           0%         N/A       86%         2
 Momentum Strike          Conj/Tloc      0%         3d8       86%         2
 Vampiric Draining        Necr           0%         2d6       97%         3
 Agony                    Necr           0%         N/A       100%        5


Dungeon Overview and Level Annotations

Branches:
Dungeon (10/15)            Temple (1/1) D:7           Sewer (visited)
   Lair: D:8-11         Orc: D:9-12

Altars:
Ashenzari
Dithmenos
Elyvilon
Fedhas
Gozag
Hepliaklqana
Kikubaaqudgha
Makhleb
Nemelex Xobeh
Okawaru
Qazlal
Ru
Sif Muna
Trog
Uskayaw
Wu Jian
Xom
Yredelemnul
Zin

Shops:
D:2 (   D:3 [

Annotations:
D:6 exclusion: 2 downstairs
D:8 1 runed translucent door, NimIero's ghost, novice MiMo


Innate Abilities, Weirdness & Mutations

You are too large for most types of armour.
You have claws for hands.
Your natural rate of healing is unusually fast.
You are covered in fur. (AC +1)
You have tough skin. (AC +1)
You occasionally lose the ability to drink potions when taking damage.


Message History

You writhe in agony.
* * * LOW HITPOINT WARNING * * *
The steam dragon breathes steam at you. The ball of steam hits you! You resist.
* * * LOW HITPOINT WARNING * * *
Unknown command.
The plant is engulfed in a cloud of scalding steam.
You block the orc warrior's attack.
You scratch the steam dragon.
The steam dragon is severely wounded.
A nearby plant withers and dies.
You barely miss the steam dragon.
The steam dragon is severely wounded.
The orc warrior is engulfed in a cloud of scalding steam.
The orc warrior hits you with a +2 long sword of pain!
* * * LOW HITPOINT WARNING * * *
The steam dragon closely misses you. You block the steam dragon's attack.
You closely miss the steam dragon.
The steam dragon is severely wounded.
A nearby plant withers and dies.
The steam dragon breathes steam at you. The ball of steam hits you. You resist.
* * * LOW HITPOINT WARNING * * *
You block the orc warrior's attack.
The orc warrior hits you with a +2 long sword of pain!
* * * LOW HITPOINT WARNING * * *
You writhe in agony.
* * * LOW HITPOINT WARNING * * *
You block the steam dragon's attack. The steam dragon claws you.
* * * LOW HITPOINT WARNING * * *
You scratch the steam dragon.
The steam dragon is almost dead.
You block the orc wizard's attack.
The orc warrior hits you with a +2 long sword of pain!
* * * LOW HITPOINT WARNING * * *
You writhe in agony.
* * * LOW HITPOINT WARNING * * *
The steam dragon breathes steam at you. The ball of steam hits you. You resist.
You die...

....... .......
........## .........##
..........#
..........####
#........##.#
#.....D@##..####
##....o§o......##
###.)).§.......##
#..~~P§.......#####
#..P...#......#...#
#......+##.........###
#..⌠..## ##...........
#......###............
#.......#....†........


You could see a steam dragon (catching breath), an orc warrior and an orc
wizard.

Vanquished Creatures
  Fannar (D:10)
  Pikel (D:4)
  Maurice (D:10)
  Joseph (D:7)
  2 kobold demonologists (D:10)
  Prince Ribbit (D:7)
  Grinder (Sewer)
  3 wyverns
  A wraith (D:7)
  10 yaks
  A steam dragon (D:6)
  Edmund (D:4)
  3 acid dragons
  2 water moccasins
  An orc warrior (D:8)
  A black bear (D:8)
  2 sky beasts (D:7)
  2 ice beasts
  An ogre (D:6)
  A centaur (D:9)
  2 lemures (D:4)
  5 kobold brigands
  A necrophage (Sewer)
  2 scorpions
  5 bullfrogs
  19 wights
  3 howler monkeys
  3 hounds
  Crazy Yiuf (D:7)
  A gnoll bouda (D:7)
  8 orc priests
  A jelly (D:4)
  4 orc wizards
  A sleepcap (D:6)
  3 iguanas
  Robin (D:2)
  5 gnolls
  9 adders
  4 shadow imps
  4 white imps
  An ufetubus (D:7)
  2 dart slugs
  34 orcs
  11 ball pythons
  9 endoplasms
  6 giant cockroaches
  9 hobgoblins
  6 jackals
  9 quokkas
  5 bats
  10 frilled lizards
  A giant cockroach zombie (Sewer)
  15 goblins
  35 kobolds
  2 kobold zombies (Sewer)
  7 rats
281 creatures vanquished.

Vanquished Creatures (others)
  3 plants
3 creatures vanquished.

Grand Total: 284 creatures vanquished

Notes
Turn   | Place    | Note
-------+----------+-------------------------------------------
     0 | D:1      | nightchill the Troll Fighter began the quest for the Orb.
     0 | D:1      | Reached XP level 1. HP: 22/22 MP: 0/0
    58 | D:1      | Reached XP level 2. HP: 10/29 MP: 1/1
   276 | D:1      | Found a faded altar of an unknown god.
   281 | D:1      | Reached skill level 3 in Unarmed Combat
   753 | D:2      | Reached XP level 3. HP: 36/36 MP: 2/2
   773 | D:2      | Noticed Robin
   786 | D:2      | Killed Robin
  1412 | D:2      | Found Hilin's Antique Weapon Shoppe.
  1723 | D:3      | Found a glowing drain.
  1739 | D:3      | Reached XP level 4. HP: 45/45 MP: 3/3
  1751 | Sewer    | Entered a sewer
  1778 | Sewer    | Reached skill level 4 in Unarmed Combat
  1852 | Sewer    | Noticed Grinder
  1869 | Sewer    | Killed Grinder
  1870 | Sewer    | Reached skill level 5 in Unarmed Combat
  1870 | Sewer    | Reached XP level 5. HP: 27/54 MP: 4/4
  1870 | Sewer    | Reached XP level 6. HP: 31/62 MP: 5/5
  1914 | Sewer    | Found an ancient bone altar of Kikubaaqudgha.
  1941 | Sewer    | Reached skill level 6 in Unarmed Combat
  2265 | D:3      | Found Ovvyal's Antique Armour Boutique.
  2323 | D:3      | Found a sacrificial altar of Ru.
  2332 | D:3      | Reached XP level 7. HP: 70/70 MP: 6/6
  2814 | D:4      | Reached skill level 7 in Unarmed Combat
  2936 | D:4      | Noticed Edmund
  2948 | D:4      | Killed Edmund
  2981 | D:4      | Found a bloodstained altar of Trog.
  3188 | D:4      | Found a broken altar of Ashenzari.
  3238 | D:5      | Entered Level 5 of the Dungeon
  3256 | D:5      | Noticed Pikel
  3300 | D:4      | Killed Pikel
  3301 | D:4      | Reached skill level 5 in Fighting
  3301 | D:4      | Reached skill level 8 in Unarmed Combat
  3301 | D:4      | Reached XP level 8. HP: 47/81 MP: 7/7
  3580 | D:5      | Reached skill level 9 in Unarmed Combat
  3766 | D:5      | Found a basalt altar of Yredelemnul.
  4151 | D:6      | Reached XP level 9. HP: 80/89 MP: 8/8
  4329 | D:6      | Reached skill level 10 in Unarmed Combat
  4828 | D:7      | Noticed Joseph
  4830 | D:7      | Noticed Prince Ribbit
  5076 | D:7      | Reached skill level 11 in Unarmed Combat
  5107 | D:7      | Killed Prince Ribbit
  5138 | D:7      | Found a sparkling altar of Nemelex Xobeh.
  5156 | D:7      | Found a staircase to the Ecumenical Temple.
  5169 | Temple   | Entered the Ecumenical Temple
  5206 | Temple   | Became a worshipper of Qazlal Stormbringer
  5262 | D:7      | Found a runed translucent door.
  5263 | D:7      | Noticed Crazy Yiuf
  5301 | D:7      | Killed Joseph
  5302 | D:7      | Reached skill level 1 in Invocations
  5526 | D:7      | Reached XP level 10. HP: 41/102 MP: 10/10
  5537 | D:7      | Reached skill level 12 in Unarmed Combat
  5789 | D:7      | Found a hazy altar of Hepliaklqana.
  5889 | D:7      | Killed Crazy Yiuf
  6006 | D:8      | Noticed NimIero's ghost (novice MiMo)
  6258 | D:8      | Found a blossoming altar of Fedhas.
  6320 | D:8      | Reached * piety under Qazlal
  6483 | D:8      | Found a runed translucent door.
  6765 | D:9      | Reached ** piety under Qazlal
  6814 | D:9      | Found an ornate altar of the Wu Jian Council.
  7494 | D:9      | Reached skill level 13 in Unarmed Combat
  7684 | D:10     | Entered Level 10 of the Dungeon
  7697 | D:10     | Gained mutation: You occasionally lose the ability to drink
                  | potions when taking damage. [a neqoxec]
  7705 | D:10     | Noticed a sixfirhy
  7706 | D:10     | Reached XP level 11. HP: 95/113 MP: 13/13
  7736 | D:10     | Noticed Fannar
  7746 | D:10     | Killed Fannar
  7839 | D:10     | Noticed Maurice
  7854 | D:10     | Killed Maurice
  7957 | D:10     | HP: 5/113 [orc warrior/+2 long sword of pain (10)]
  7957 | D:10     | Killed from afar by a steam dragon

Illustrated notes

Levels and vault maps discovered:
D:1:      amcnicky_arrival_double_pillar, layout_basic,
          hellmonk_ecumenical_altar_heavens_door, minmay_ruptured
D:2:      layout_basic, serial_shops, shop_statue, uniq_robin
D:3:      layout_basic, amcnicky_altar_gilded, portal_sewer_entry_f,
          serial_shops, nicolae_square_shop
D:4:      layout_rooms, ashenzari_conservatory_becter, trog_butcher_becter,
          kennysheep_generic_room_14, uniq_edmund
D:5:      layout_cave_pods, mainiacjoe_overflow_cross_hatched, uniq_grinder,
          uniq_pikel
D:6:      layout_loops_ring
D:7:      layout_rooms, kennysheep_mini_moat, worldfamousw_hep_ancestral_shrine,
          minmay_temple_entry_sparse_star, uniq_prince_ribbit1,
          uniq_crazy_yiuf_cottage, uniq_joseph
D:8:      layout_basic, fedhas_ov_isle_minmay, hellmonk_ghost_big_iron
D:9:      layout_stronghold, mainiacjoe_overflow_alcove_1, grunt_decor_arrowhead
D:10:     minmay_polygon_palace, layout_cave_pools, tso_oasis_becter,
          mainiacjoe_overflow_small_starburst, vehumet_crystals, uniq_maurice,
          uniq_fannar
Temple:   chequers_temple_sunken

Skill      XL: |  1  2  3  4  5  6  7  8  9 10 |
---------------+-------------------------------+-----
Unarmed Combat | 3 5 6 8 9 11 13 | 13.6
Fighting       | 3 4 5 6 7 8 |  8.5
Invocations    | 1 4 |  4.9
Dodging        | |  2.4
Shields        | |  2.6

Action                     |  1- 3 |  4- 6 |  7- 9 | 10-12 || total
---------------------------+-------+-------+-------+-------++-------
  Melee: Unarmed           |   158 |   121 |   302 |   194 ||   775
 Invoke: Upheaval          |       |       |       |     2 ||     2
    Use: Potion            |       |     1 |     3 |       ||     4
   Stab: Sleeping          |     1 |       |       |       ||     1
 Armour: Robe              |    70 |    37 |    67 |     5 ||   179
         Steam dragon scal |       |       |     4 |    40 ||    44
  Dodge: Dodged            |    90 |    36 |   127 |    63 ||   316
  Block: Kite shield       |    83 |    37 |   126 |    78 ||   324
